 Dungeon Crawl Stone Soup version 0.30-a0-365-ge7f957f1db (webtiles) character file.

Game seed: 15628588988464406683

115 gruber the Trooper (level 5, -1/40 HPs)
             Began as an Octopode Transmuter on Nov 16, 2022.
             Slain by an orc
             ... wielding a +0 dagger
              (3 damage)
             ... on level 3 of the Dungeon.
             The game lasted 00:02:19 (1965 turns).

gruber the Trooper (Octopode Transmuter)            Turns: 1965, Time: 00:02:19

Health: -1/40      AC:  1    Str:  9    XL:     5   Next: 0%
Magic:  8/8        EV: 13    Int: 18    God:
Gold:   154        SH:  0    Dex: 12    Spells: 2/8 levels left

rFire   . . .      SeeInvis .      - Unarmed
rCold   . . .      Faith    .    (no shield)
rNeg    . . .      Spirit   .    (helmet restricted)
rPois   .          Reflect  .    (no amulet)
rElec   .          Harm     .    (no ring)
rCorr   .          Rampage  .    (no ring)
Will    .....                    (no ring)
Stlth   +++.......               (no ring)
HPRegen 0.26/turn                (no ring)
MPRegen 0.11/turn                (no ring)
                                 (no ring)
                                 (no ring)

@: invisible
A: almost no armour, amphibious, 8 rings, camouflage 2, gelatinous body 1,
(nimble swimmer 1), tentacles, robust 1, screaming 1, wild magic 1
a: no special abilities


You were on level 3 of the Dungeon.
You visited 1 branch of the dungeon, and saw 3 of its levels.

You collected 154 gold pieces.

Inventory:

Scrolls
 b - 5 scrolls of identify {unknown}
 c - 2 scrolls of fog {unknown}
 e - a scroll of fear {unknown}
 i - a scroll of teleportation {unknown}
 k - a scroll of vulnerability {unknown}
 m - a scroll of summoning {unknown}
Potions
 a - a potion of lignification
 d - a potion of mutation
 j - a potion of attraction {unknown}
 l - a potion of degeneration {unknown}
 n - a potion of heal wounds {unknown}
 o - a potion of might {unknown}


   Skills:
 - Level 4.0 Fighting
 * Level 3.0 Dodging
 - Level 3.0 Unarmed Combat
 - Level 2.0 Spellcasting
 - Level 2.0 Transmutations


You had 2 spell levels left.
You knew the following spells:

 Your Spells              Type           Power      Damage    Failure   Level
a - Beastly Appendage     Tmut           22%        N/A       12%         1
b - Wereblood             Tmut           11%        N/A       17%         2
c - Spider Form           Tmut/Pois      7%         N/A       43%         3

Your spell library contained the following spells:

 Spells                   Type           Power      Damage    Failure   Level
 Ice Form                 Ice/Tmut       7%         N/A       82%         4


Dungeon Overview and Level Annotations

Branches:
Dungeon (3/15)

Altars:


Innate Abilities, Weirdness & Mutations

You cannot wear most types of armour.
You are amphibious.
You can wear up to eight rings at the same time.
Your skin blends seamlessly with your surroundings (Stealth++).
Your rubbery body absorbs attacks. (AC +1, EV +1)
((You are camouflaged when in or above water. (Stealth+)))
You have tentacles for arms and can constrict up to eight enemies at once.
You are robust. (+10% HP)
You occasionally shout uncontrollably at your foes.
Your spells are a little harder to cast, but a little more powerful.


Message History

The orc priest calls upon Beogh to heal the orc.
The orc's wounds heal themselves!
The orc hits you with a +0 dagger.
* * * LOW HITPOINT WARNING * * *
It was a potion of mutation.
You feel extremely strange.
Your natural camouflage becomes more effective.
You feel the urge to shout.
You feel less in control of your magic.
You feel robust. The orc priest barely misses you. The orc misses you.
It was a potion of curing.
You feel better. The orc closely misses you.
The orc priest hits you from afar with a +0 trident!
* * * LOW HITPOINT WARNING * * *
The orc hits you with a +0 dagger.
* * * LOW HITPOINT WARNING * * *
It was a potion of invisibility.
You fade into invisibility!
The orc closely misses you. The orc priest barely misses you.
The orc hits you with a +0 dagger.
* * * LOW HITPOINT WARNING * * *
You tentacle-slap the orc but do no damage.
Your grab misses the orc. You squeeze the orc.
The orc is heavily wounded.
The orc priest barely misses you.
You barely miss the orc. You grab the orc.
You squeeze the orc, but do no damage. You constrict the orc.
The orc hits you with a +0 club.
* * * LOW HITPOINT WARNING * * *
You tentacle-slap the orc but do no damage.
The orc is lightly wounded.
You constrict the orc, but do no damage.
The orc hits you with a +0 dagger.
* * * LOW HITPOINT WARNING * * *
The orc misses you.
You tentacle-slap the orc but do no damage.
The orc is lightly wounded.
You constrict the orc, but do no damage.
The orc barely misses you.
You release your grip on the orc.
It was a potion of magic.
Magic courses through your body. The orc hits you with a +0 dagger.
You die...

####.##......##.##########
#....<.....)............).
#.#...######.##.###....##.
....#.# #.##..)........
#.#...######.##).#.......#
#.##.##.<.>.....o#o......#
#.##.##....#....o#..o....#
#.##......###.##o#o..o...#
#.##.##..# #.###@#.o.....#
#.# .##.. #.. #..#....o..#
#.# ... ........#.......#
#.# ## .##.##...##.....##
#.# #. ..#.# ..#####....
...... ..........###..#..
##.#..............
##.##.#.... ....


You could see an orc priest (unable to see you) and 2 orcs.

Vanquished Creatures
  An orc wizard (D:3)
  2 adders (D:2)
  5 orcs
  6 endoplasms
  A giant cockroach (D:1)
  7 goblins
  10 hobgoblins
  4 jackals (D:1)
  5 kobolds
  3 quokkas (D:1)
  8 ball pythons
  5 bats
  2 frilled lizards (D:1)
  2 rats (D:1)
61 creatures vanquished.

Notes
Turn   | Place    | Note
-------+----------+-------------------------------------------
     0 | D:1      | gruber the Octopode Transmuter began the quest for the Orb.
     0 | D:1      | Reached XP level 1. HP: 13/13 MP: 3/3
    88 | D:1      | Found a faded altar of an unknown god.
   111 | D:1      | Reached skill level 2 in Fighting
   111 | D:1      | Reached XP level 2. HP: 8/19 MP: 3/5
   383 | D:1      | Reached XP level 3. HP: 21/25 MP: 4/6
   462 | D:1      | Reached skill level 3 in Fighting
  1109 | D:2      | Reached XP level 4. HP: 32/33 MP: 5/7
  1112 | D:2      | Learned a level 2 spell: Wereblood
  1116 | D:2      | Learned a level 3 spell: Spider Form
  1494 | D:2      | Reached skill level 4 in Fighting
  1952 | D:3      | Reached XP level 5. HP: 17/37 MP: 5/8
  1956 | D:3      | Gained mutation: Your skin blends seamlessly with your
                  | surroundings (Stealth++). [potion of mutation]
  1956 | D:3      | Gained mutation: You occasionally shout uncontrollably at
                  | your foes. [potion of mutation]
  1956 | D:3      | Gained mutation: Your spells are a little harder to cast,
                  | but a little more powerful. [potion of mutation]
  1956 | D:3      | Gained mutation: You are robust. (+10% HP) [potion of
                  | mutation]
  1960 | D:3      | HP: 2/40 [orc/+0 club (2)]
  1965 | D:3      | Slain by an orc

Illustrated notes

Levels and vault maps discovered:
D:1:      erik_arrival_triangle_small, layout_loops_cross,
          hellmonk_ecumenical_altar_blasted
D:2:      layout_loops_ring, guppyfry_early_orc_mine
D:3:      cheibrodos_pilgrimage, layout_loops_ring, gammafunk_ghost_split,
          hangedman_decor_diamond_cutter

Skill      XL: |  1  2  3  4 |
---------------+-------------+-----
Fighting       | 2 3 4 |  4.0
Dodging        | 3 |  3.0
Unarmed Combat | |  3.0
Spellcasting   | |  2.0
Transmutations | |  2.0

Action                   |  1- 3 |  4- 6 || total
-------------------------+-------+-------++-------
Melee: Unarmed           |   102 |    55 ||   157
       Constrict         |    34 |    12 ||    46
       Kick              |    23 |     5 ||    28
       Tentacles         |    15 |    14 ||    29
       Punch             |     1 |     1 ||     2
 Cast: Beastly Appendage |    13 |     3 ||    16
       Spider Form       |       |     1 ||     1
  Use: Potion            |       |     4 ||     4
 Stab: Sleeping          |     1 |       ||     1
Armor: Skin              |     9 |     3 ||    12
Dodge: Dodged            |    79 |    38 ||   117

Table legend: (Time is in decaauts)
 A = Elapsed time spent in this place.
 B = Non-inter-level travel time spent in this place.
 C = Inter-level travel time spent in this place.
 D = Time resting spent in this place.
 E = Time spent auto-exploring this place.
 F = Levels seen in this place.
 G = Mean time per level.
                   A        B        C        D        E       F      G
               +--------+--------+--------+--------+--------+-----+--------+
         Total |   1956 |   1905 |     51 |      0 |   1523 |   3 |  652.0 |
       Dungeon |   1956 |   1905 |     51 |      0 |   1523 |   3 |  652.0 |
               +--------+--------+--------+--------+--------+-----+--------+

Top non-repeatable levels by time:
     D:1: 910 daAuts
     D:2: 882 daAuts
     D:3: 162 daAuts
